Map: Ascension to Aiur LE

Players

JPlex

  • Race: Protoss Protoss
  • League: Diamond
  • Spawn Location: 5:00

SubtleNL - Winner!

  • Race: Terran Terran
  • League: Master
  • Spawn Location: 11:00

VOD

Have the link to the VOD?

Description

Time

  • Played on: June 12, 2017, 2:18 p.m.
  • Length: 4:09
Show
View Real Time Build Order
Export as new Build Order

JPlex Protoss 

Build Orders:  

Get SALT Encoding   

  12  0:02  Probe (Chrono Boost)  
  13  0:13  Probe (Chrono Boost)  
  14  0:18  Pylon  
  14  0:27  Pylon  
  14  0:31  Probe (Chrono Boost)  
  15  0:39  Pylon  
  15  0:45  Probe (Chrono Boost)  
  16  0:56  Probe (Chrono Boost)  
  17  1:00  Pylon  
  17  1:05  Pylon  
  17  1:10  Pylon  
  17  1:20  Pylon  
  17  1:23  Pylon  
  17  1:30  Pylon  
  17  1:38  Pylon  
  17  1:43  Pylon  
  17  1:49  Pylon  
  17  1:57  Pylon  
  17  2:03  Pylon  
  17  2:09  Pylon  
  17  2:17  Pylon  
  17  2:23  Pylon  
  17  2:30  Pylon  
  17  2:36  Pylon  
  17  2:43  Pylon  
  17  2:54  Pylon  
Show
View Real Time Build Order
Export as new Build Order

SubtleNL Terran - Winner!

Build Orders: Cyclone Opening 

Get SALT Encoding   

  12  0:01  SCV  
  13  0:13  SCV  
  14  0:17  Supply Depot  
  14  0:25  SCV  
  15  0:31  Refinery  
  15  0:38  SCV  
  16  0:45  Barracks  
  16  0:51  SCV  
  17  0:59  Supply Depot  
  17  1:03  SCV  
  18  1:15  SCV  
  19  1:27  Refinery  
  19  1:31  Orbital Command  
  19  1:36  Factory  
  19  1:51  Barracks Reactor  
  19  1:57  SCV  
  20  2:09  SCV  
  21  2:21  SCV  
  22  2:30  Cyclone  
  22  2:32  Barracks Tech Lab  
  22  2:33  SCV  
  22  2:35  Cyclone  
  29  2:39  Supply Depot  
  29  2:45  SCV  
  30  2:52  Command Center  
  30  2:59  SCV  
  30  3:01  Marine  
  32  3:11  SCV  
  33  3:13  Widow Mine  
  33  3:14  Widow Mine  
  37  3:20  Marine  
  37  3:24  SCV  
  39  3:27  Supply Depot  
  39  3:48  Marine  
  39  3:49  SCV  
  46  4:05  Barracks  
  47  4:08  Barracks  
Tags
 
Add a new tag
Caveats
  • Supply blocks, unpowered buildings, or Contaminate may cause inaccurate times.
  • Supply counts are checked every 10 seconds.